 Dungeon Crawl Stone Soup version 0.20.1-2-g1830e616b0 (webtiles) character file.

268 Alfie the Shooter (level 6, 0/51 HPs)
             Began as a Minotaur Hunter on Feb 6, 2020.
             Slain by Duvessa
             ... wielding a +0 short sword
              (9 damage)
             ... on level 4 of the Dungeon.
             The game lasted 00:08:04 (2248 turns).

Alfie the Shooter (Minotaur Hunter)                 Turns: 2248, Time: 00:08:04

Health: 0/51       AC:  3    Str: 19    XL:     6   Next: 0%
Magic:  5/5        EV: 12    Int:  8    God:
Gold:   102        SH:  0    Dex: 10    Spells: 5/5 levels left

rFire    . . .     SeeInvis .   b - +0 short sword
rCold    . . .     Gourm    .   (no shield)
rNeg     . . .     Faith    .   c - +0 leather armour
rPois    .         Spirit   .   (helmet restricted)
rElec    .         Reflect  .   (no cloak)
rCorr    .         Harm     .   (no gloves)
MR       .....                  (no boots)
Stlth    ++........             (no amulet)
Regen    0.2/turn               l - ring of stealth
MPRegen  0.1/turn               (no ring)

@: very slightly contaminated
A: retaliatory headbutt, horns 2
a: no special abilities


You were on level 4 of the Dungeon.
You were not hungry.

You visited 1 branch of the dungeon, and saw 4 of its levels.

You collected 102 gold pieces.

Inventory:

Hand Weapons
 a - a +1 shortbow
 b - a +0 short sword (weapon)
Armour
 c - a +0 leather armour (worn)
Jewellery
 l - a ring of stealth (left hand)
Wands
 m - a wand of lightning (2/15)
Scrolls
 k - a scroll of identify
Potions
 e - 2 potions of invisibility
 g - a potion of degeneration {unknown}
 h - a potion of magic {unknown}
 i - a potion of might {unknown}
 j - 2 potions of heal wounds {unknown}
Comestibles
 f - a bread ration


   Skills:
 + Level 3.4 Fighting
 + Level 2.1 Short Blades
 + Level 6.1 Bows
 + Level 2.4 Armour
 + Level 2.8 Dodging
 + Level 1.7 Stealth


You had 5 spell levels left.
You didn't know any spells.

Dungeon Overview and Level Annotations

Branches:
Dungeon (4/15)
 Temple: D:4-7

Altars:
Dithmenos
Vehumet

Annotations:
D:4 Duvessa


Innate Abilities, Weirdness & Mutations

You reflexively headbutt those who attack you in melee.
You have a pair of horns on your head.


Message History

You hit Duvessa.
Duvessa is heavily wounded.
Duvessa hits you with a short sword.
You hit Duvessa. You headbutt Duvessa, but do no damage.
Duvessa is heavily wounded.
Duvessa hits you with a short sword! Duvessa hits you but does no damage.
You hit Duvessa but do no damage. You headbutt Duvessa!
Duvessa is severely wounded.
Duvessa hits you with a short sword.
You closely miss Duvessa.
Duvessa is severely wounded.
Duvessa hits you with a short sword. Duvessa barely misses you.
You closely miss Duvessa.
Duvessa is severely wounded.
Duvessa hits you with a short sword!
* * * LOW HITPOINT WARNING * * *
You hit Duvessa. You headbutt Duvessa.
Duvessa is severely wounded.
Duvessa hits you with a short sword!
You die...

#.# #.# ..# #.#
### #.# #.# #.# .
#.#
...##########^##
..(.......w#...##
.((...)...Ze@.#.#
.#..########.#.##
##.## ###


You could see Duvessa (berserk), a worm and a quokka skeleton.

Vanquished Creatures
  Dowan (D:4)
  An orc priest (D:3)
  4 gnolls (D:3)
  8 adders
  A worm (D:2)
  4 dart slugs
  A leopard gecko (D:2)
  4 orcs (D:3)
  3 giant cockroaches
  9 goblins
  6 hobgoblins
  11 kobolds
  A ball python (D:2)
  8 bats
  5 frilled lizards
  9 rats
76 creatures vanquished.

Notes
Turn   | Place    | Note
-------+----------+-------------------------------------------
     0 | D:1      | Alfie the Minotaur Hunter began the quest for the Orb.
     0 | D:1      | Reached XP level 1. HP: 18/18 MP: 0/0
   217 | D:1      | Reached XP level 2. HP: 25/25 MP: 1/1
   312 | D:1      | Reached skill level 5 in Bows
   820 | D:2      | Reached XP level 3. HP: 30/30 MP: 2/2
  1076 | D:2      | Reached XP level 4. HP: 26/37 MP: 3/3
  1132 | D:2      | Reached skill level 1 in Stealth
  1187 | D:2      | Found a shadowy altar of Dithmenos.
  1299 | D:2      | Reached skill level 1 in Armour
  1478 | D:3      | Reached XP level 5. HP: 33/45 MP: 4/4
  1490 | D:3      | Found a radiant altar of Vehumet.
  1505 | D:3      | Reached skill level 6 in Bows
  1631 | D:3      | Reached skill level 1 in Short Blades
  2224 | D:4      | Noticed Dowan
  2228 | D:4      | Noticed Duvessa
  2234 | D:4      | Killed Dowan
  2234 | D:4      | Reached XP level 6. HP: 43/51 MP: 5/5
  2248 | D:4      | Slain by Duvessa

Skill      XL: |  1  2  3  4  5 |
---------------+----------------+-----
Bows           | 5 6 |  6.1
Stealth        | 1 |  1.7
Armour         | 1 2 |  2.4
Fighting       | 3 |  3.4
Short Blades   | 2 |  2.1
Dodging        | |  2.8

Action                   |  1- 3 |  4- 6 || total
-------------------------+-------+-------++-------
Melee: Short sword       |    17 |   102 ||   119
       Headbutt          |       |    14 ||    14
 Fire: Shortbow          |    74 |    13 ||    87
  Use: Scroll            |     1 |     2 ||     3
 Stab: Distracted        |     1 |       ||     1
       Sleeping          |       |     7 ||     7
  Eat: Royal jelly       |       |     2 ||     2
Armor: Leather armour    |    12 |    30 ||    42
Dodge: Dodged            |    21 |    71 ||    92
